 Dungeon Crawl Stone Soup version 0.24.0-37-gcf1ca852f1 (webtiles) character file.

Game seed: 17685470025929037935, levelgen mode: deterministic

120 Timopy2 the Caller (level 4, -7/24 HPs)
             Began as a Deep Elf Summoner on Nov 17, 2019.
             Mangled by Pikel
             ... wielding a +2 whip of electrocution
              (8 damage)
             ... on level 4 of the Dungeon on Nov 30, 2019.
             The game lasted 00:20:30 (3342 turns).

Timopy2 the Caller (Deep Elf Summoner)              Turns: 3342, Time: 00:20:30

Health: -7/24      AC:  3    Str:  5    XL:     4   Next: 75%
Magic:  4/12       EV: 13    Int: 21    God:
Gold:   153        SH:  0    Dex: 15    Spells: 7/12 levels left

rFire    . . .     SeeInvis .   b - +2 dagger (speed)
rCold    . . .     Gourm    .   (no shield)
rNeg     . . .     Faith    .   i - +0 robe
rPois    .         Spirit   .   n - +0 hat
rElec    .         Reflect  .   q - scarf {repulsion}
rCorr    .         Harm     .   (no gloves)
MR       .....                  s - +0 pair of boots {Stlth+}
Stlth    +++.......             v - amulet of the acrobat
HPRegen  0.08/turn              (no ring)
MPRegen  0.13/turn              (no ring)

@: repel missiles
A: no striking features
a: no special abilities


You were on level 4 of the Dungeon.
You were hungry.

You visited 1 branch of the dungeon, and saw 5 of its levels.

You collected 153 gold pieces.

Inventory:

Hand Weapons
 b - a +2 dagger of speed (weapon)
Missiles
 e - 82 stones (quivered)
Armour
 a - a +0 robe
 i - a +0 robe (worn)
 m - a cursed +0 ring mail
 n - a +0 hat (worn)
 q - a scarf of repulsion (worn)
 s - a +0 pair of boots of stealth (worn)
Jewellery
 k - an uncursed amulet of faith {unknown}
 v - an amulet of the acrobat (around neck)
Scrolls
 g - 2 scrolls of enchant armour {unknown}
 j - a scroll of enchant weapon
 u - a scroll of fear {unknown}
Potions
 f - a potion of ambrosia
 h - a potion of lignification
 o - a potion of flight {unknown}
 r - a potion of magic
Comestibles
 c - 3 rations


   Skills:
 + Level 1.1 Short Blades
 + Level 2.5 Dodging
 + Level 2.7 Stealth
 + Level 4.7 Spellcasting
 + Level 5.6 Summonings


You had 7 spell levels left.
You knew the following spells:

 Your Spells              Type           Power        Failure   Level  Hunger
b - Call Imp              Summ           ####....     1%          2    #......
c - Call Canine Familiar  Summ           ####....     3%          3    ##.....

Your spell library contained the following spells:

 Spells                   Type           Power        Failure   Level  Hunger
 Summon Small Mammal      Summ           ####         1%          1    None
 Summon Guardian Golem    Hex/Summ       ###.....     11%         3    ##.....
 Summon Ice Beast         Ice/Summ       ###.....     34%         4    ####...
 Summon Lightning Spire   Summ/Air       ###.....     34%         4    ####...


Dungeon Overview and Level Annotations

Branches:
Dungeon (5/15)
 Temple: D:4-7

Altars:

Portals:
Sewer: D:4

Annotations:
D:4 Pikel


Message History

Your white imp barely misses the quokka.
The quokka barely misses your white imp.
The slave misses you.
Pikel hits you with a +2 whip of electrocution!
* * * LOW HITPOINT WARNING * * *
You feel better.
The slave completely misses your crimson imp.
The slave closely misses your crimson imp.
Your crimson imp hits Pikel.
Your crimson imp blinks!
Your white imp gestures at the quokka.
The puff of frost hits the quokka.
The quokka dies!
Something hits you.
* * * LOW HITPOINT WARNING * * *
Something shocks you.
* * * LOW HITPOINT WARNING * * *
The slave barely misses you. The slave closely misses you.
Pikel hits you with a +2 whip of electrocution!
You die...

......#..≈≈≈≈≈....########.
......#..≈≈∩≈÷....#
#.......≈≈≈≈≈÷...#
#........≈5≈.....#
#................#
#................#
#................#
#.....pp5...#.##.#
........§K@.......#
.#......5pp..#.###
#.........%.# #...........#
###.#######.# #. .# ## ##


You could see Pikel, 4 slaves, 2 friendly crimson imps and a friendly white imp.

Vanquished Creatures
  A leopard gecko (D:2)
  A giant cockroach (D:2)
  A jackal (D:3)
  A kobold (D:2)
  A ball python (D:2)
  A rat (D:4)
6 creatures vanquished.

Vanquished Creatures (collateral kills)
  An orc priest (D:3)
  Terence (D:2)
  Jessica (D:2)
  Natasha (D:2)
  2 adders
  A river rat (D:4)
  A worm (D:3)
  2 dart slugs
  A leopard gecko (D:2)
  2 orcs (D:3)
  A ball python (D:2)
  2 bats
  A giant cockroach (D:2)
  9 goblins
  7 hobgoblins
  8 jackals
  10 kobolds
  2 quokkas
  6 frilled lizards
  3 rats
62 creatures vanquished.

Grand Total: 68 creatures vanquished

Notes
Turn   | Place    | Note
-------+----------+-------------------------------------------
     0 | D:1      | Timopy2 the Deep Elf Summoner began the quest for the Orb.
     0 | D:1      | Reached XP level 1. HP: 10/10 MP: 6/6
   742 | D:1      | Reached XP level 2. HP: 12/15 MP: 5/8
   827 | D:1      | Learned a level 2 spell: Call Imp
  1103 | D:2      | Noticed Jessica
  1108 | D:2      | Killed Jessica
  1108 | D:2      | Reached skill level 5 in Summonings
  1268 | D:2      | Reached XP level 3. HP: 19/19 MP: 7/10
  1463 | D:2      | Learned a level 3 spell: Call Canine Familiar
  1592 | D:2      | Noticed Terence
  1634 | D:2      | Killed Terence
  1949 | D:2      | Noticed Natasha
  1959 | D:2      | Killed Natasha
  1959 | D:2      | Reached XP level 4. HP: 13/24 MP: 3/12
  2672 | D:3      | Reached skill level 1 in Short Blades
  2941 | D:3      | Upgraded the game from 0.24.0-35-gdb84b6a5db to
                  | 0.24.0-37-gcf1ca852f1
  3000 | D:4      | Found a glowing drain.
  3005 | D:4      | Noticed a sky beast
  3021 | D:4      | HP: 1/24 [something (6)]
  3324 | D:5      | Entered Level 5 of the Dungeon
  3331 | D:4      | Noticed Pikel
  3331 | D:4      | Noticed a slave
  3331 | D:4      | Noticed a slave
  3331 | D:4      | Noticed a slave
  3331 | D:4      | Noticed a slave
  3342 | D:4      | HP: 1/24 [something (5)]
  3342 | D:4      | Mangled by Pikel

Levels and vault maps discovered:
D:1:      lightli_arrival_maybe_door_vault, layout_loops_ring
D:2:      layout_basic, uniq_terence, uniq_natasha, uniq_jessica
D:3:      layout_basic
D:4:      layout_basic, minitemple, temple_hall, portal_sewer_entry_a,
          chequers_serial_rivers_micro_b, uniq_robin, uniq_pikel
D:5:      layout_basic, first_ration, uniq_blork_the_orc

Skill      XL: |  1  2  3  4 |
---------------+-------------+-----
Summonings     | 5 |  5.6
Spellcasting   | 4 |  4.7
Short Blades   | 1 |  1.1
Dodging        | |  2.5
Stealth        | |  2.7

Action                   |  1- 3 |  4- 6 || total
-------------------------+-------+-------++-------
Melee: Hand axe          |     7 |       ||     7
       Dagger            |     7 |    12 ||    19
 Cast: Summon Small Mamm |    22 |       ||    22
       Call Imp          |    19 |    21 ||    40
       Call Canine Famil |     5 |     4 ||     9
  Use: Scroll            |     2 |     5 ||     7
       Potion            |     2 |     5 ||     7
 Stab: Distracted        |     1 |       ||     1
  Eat: Chunk             |     1 |       ||     1
       Ration            |     1 |     1 ||     2
Armor: Robe              |    12 |     2 ||    14
Dodge: Dodged            |    37 |    27 ||    64
